 Dungeon Crawl Stone Soup version 0.29.0-15-g675c0067aa (webtiles) character file.

Game seed: 10753175059976537277

78582 qw the Severer (level 15, -16/96 HPs)
             Began as a Gargoyle Fighter on Sept 12, 2022.
             Was a High Priest of Okawaru.
             Killed from afar by a fire dragon (60 damage)
             ... with a blast of flame
             ... on level 14 of the Dungeon.
             The game lasted 00:10:50 (23079 turns).

qw the Severer (Gargoyle Fighter)                  Turns: 23079, Time: 00:10:51

Health: -16/96     AC: 39    Str: 31    XL:     15   Next: 60%
Magic:  21/22      EV: 11    Int: 10    God:    Okawaru [*****.]
Gold:   1328       SH: 13    Dex:  9    Spells: 14/14 levels left

rFire   x . .      SeeInvis .   f - +0 war axe (vamp)
rCold   . . .      Faith    .   b - +0 kite shield
rNeg    + + +      Spirit   .   E - +1 chain mail of Broken Taboos {Fly rF- rN+ Str+5}
rPois   inf        Reflect  .   e - +2 helmet
rElec   +          Harm     .   m - +0 cloak
rCorr   .          Rampage  .   F - +1 pair of gloves {hurl}
Will    +....                   z - +0 pair of boots
Stlth   ..........              h - amulet of the acrobat
HPRegen 0.26/turn               r - ring of positive energy
MPRegen 0.18/turn               C - +4 ring of protection

@: about to teleport, heroic, flying
A: sickness immunity, AC +11, big wings, negative energy resistance 1,
electricity resistance, torment resistance 1, petrification resistance
a: Renounce Religion, Heroism, Finesse, Duel


You were on level 14 of the Dungeon.
You worshipped Okawaru.
Okawaru was extremely pleased with you.
You visited 3 branches of the dungeon, and saw 21 of its levels.
You also visited: Sewer.

You collected 1328 gold pieces.


Innate Abilities, Weirdness & Mutations

You are immune to sickness and miasma.
Your stone body is resilient. (AC +11)
You are immune to poison.
Your large and strong wings let you fly.
You resist negative energy. (rN+)
You are resistant to electric shocks. (rElec)
You are resistant to unholy torment.
You are immune to petrification.


   Skills:
 - Level 12.0(17.0) Fighting
 - Level 16.0(21.0) Axes
 + Level 6.1(11.1) Throwing
 - Level 10.1(15.1) Armour
 - Level 3.2(8.2) Dodging
 - Level 13.0(18.0) Shields
 - Level 10.1 Invocations


You had 14 spell levels left.
You didn't know any spells.
Your spell library was empty.

Inventory:

Hand Weapons
 c - a +3 broad axe of pain
 f - a +0 vampiric war axe (weapon)
 B - a +2 flail of draining
Missiles
 w - 12 boomerangs
 G - 7 javelins
 H - a silver javelin (quivered)
Armour
 b - a +0 kite shield (worn)
 e - a +2 helmet (worn)
 m - a +0 cloak (worn)
 v - a +0 chain mail
 y - the +5 scale mail "Gisihiff" {Harm Fly rElec Dex-2}
   (Okawaru gifted it to you on level 2 of the Lair of Beasts)

   Dex:       It affects your dexterity (-2).
   rElec:     It insulates you from electricity.
   Fly:       It grants you flight.
   Harm:      It increases damage dealt and taken.
 z - a +0 pair of boots (worn)
 E - the +1 chain mail of Broken Taboos (worn) {Fly rF- rN+ Str+5}
   (Okawaru gifted it to you on level 5 of the Lair of Beasts)

   Str:       It affects your strength (+5).
   rF:        It makes you vulnerable to fire.
   rN:        It protects you from negative energy.
   Fly:       It grants you flight.
 F - a +1 pair of gloves of hurling (worn)
Jewellery
 h - an amulet of the acrobat (around neck)
 r - a ring of positive energy (left hand)
 u - an amulet of regeneration
 C - a +4 ring of protection (right hand)
Scrolls
 a - 12 scrolls of identify
 q - 8 scrolls of teleportation
 t - 3 scrolls of fog
 x - 3 scrolls of blinking
 A - a scroll of brand weapon
Potions
 d - 2 potions of might
 g - 3 potions of attraction
 i - 5 potions of heal wounds
 j - 7 potions of curing
 k - 4 potions of haste
 l - a potion of magic
 n - 6 potions of lignification
 o - a potion of resistance
 p - 5 potions of mutation
 s - a potion of cancellation

Dungeon Overview and Level Annotations

Branches:
Dungeon (15/15)            Temple (1/1) D:6            Lair (5/5) D:9
 Shoals (0/4) Lair:2        Snake (0/4) Lair:3        Slime (0/5) Lair:4
    Orc (0/2) D:10         Vaults (0/5) D:14          Sewer (visited)
 Depths: D:15

Altars:
Ashenzari
Cheibriados
Dithmenos
Elyvilon
Fedhas
Gozag
Hepliaklqana
Kikubaaqudgha
Makhleb
Nemelex Xobeh
Okawaru
Qazlal
Ru
Sif Muna
Trog
Uskayaw
Vehumet
Wu Jian
Xom
Yredelemnul
Zin
The Shining One
Jiyva

Shops:
D:8 (

Portals:
Trove: D:14 (give 18 scrolls of teleportation)

Annotations:
D:9 2 runed translucent doors, qw's ghost, novice GrFi
D:15 Nessos
Lair:5 3 runed translucent doors, qw's ghost, journeyman MiBe


Message History

You hit the fire dragon.
The fire dragon is lightly wounded.
You hit the fire dragon.
The fire dragon is lightly wounded.
The fire dragon breathes flames at you.
The blast of flame hits you but does no damage.
You hit the fire dragon but do no damage.
The fire dragon is lightly wounded.
The fire dragon bites you but does no damage.
The fire dragon claws you but does no damage.
You block the fire dragon's attack.
You hit the fire dragon.
You feel better.
The fire dragon is lightly wounded.
The fire dragon bites you but does no damage.
The fire dragon claws you. You block the fire dragon's attack.
You slash the fire dragon!
The fire dragon is moderately wounded.
You slice the fire dragon!!
You feel better.
The fire dragon is severely wounded.
The fire dragon breathes flames at you. The blast of flame hits you!!!
The fire burns you terribly!
23076 ||| READING 9 scrolls of teleportation.
As you read the scroll of teleportation, it crumbles to dust.
You feel strangely unstable. The fire dragon closely misses you.
The fire dragon claws you. The fire dragon closely misses you.
23077 ||| DRINKING 6 potions of heal wounds.
You feel much better.
The fire dragon barely misses you. x2; You block the fire dragon's attack.
You slash the fire dragon!
You feel better.
The fire dragon is severely wounded.
The fire dragon bites you but does no damage.
The fire dragon claws you but does no damage.
You block the fire dragon's attack.
You hit the fire dragon.
The fire dragon is severely wounded.
The fire dragon breathes flames at you. The blast of flame hits you!!!
The fire burns you terribly!
Ouch! That really hurt!
You die...

#........ .........###
#........ ...........##
#........ ............##
#........
.............###########
.............#..........
.............#..........
.......D.^...#..........
##@######...#####..
#...........# #..
#........%%.# #..
#........(.)# #..
#...######### #.. #...#
#.. #...# #.. #...# #..
#...# ###


You could see a fire dragon (catching breath).

Vanquished Creatures
  Gastronok (D:8)
  A dire elephant (Lair:5)
  Snorg (D:12)
  8 hydras
  7 boulder beetles
  3 catoblepae
  2 centaur warriors
  5 two-headed ogres
  A deep troll shaman (Lair:5)
  10 death yaks
  Urug (D:14)
  A deep elf pyromancer (D:15)
  3 ugly things
  28 elephants
  A manticore (D:14)
  8 black mambas
  6 cyclopes
  A torpor snail (Lair:5)
  A gargoyle (D:12)
  11 cane toads
  4 kobold demonologists
  An unseen horror zombie (D:10)
  3 rime drakes
  7 komodo dragons
  An unseen horror (D:12)
  Psyche (D:11)
  An efreet (D:13)
  A tengu conjurer (D:13)
  2 freezing wraiths
  Prince Ribbit (D:8)
  3 meliai (D:13)
  A troll (D:6)
  4 polar bears
  4 slime creatures
  26 blink frogs
  2 hornets
  A snapping turtle (Lair:2)
  7 dream sheep (Lair:4)
  2 centaur simulacra (D:11)
  Sigmund (D:2)
  2 wyverns
  2 wraiths
  4 basilisks
  A water elemental (D:15)
  13 humans
  A yak (shapeshifter) (D:13)
  3 steam dragons
  41 yaks
  11 vampire mosquitoes
  14 water moccasins
  2 orc warriors
  A sky beast (D:7)
  5 ice beasts
  2 black bears
  4 ogres
  12 wolves
  4 centaurs
  A phantom (D:7)
  13 kobold brigands
  12 bullfrogs
  7 necrophages
  A gnoll sergeant (D:6)
  A scorpion (D:6)
  11 wights
  2 electric eels
  A howler monkey (D:7)
  3 centaur zombies (D:10)
  A human zombie (D:10)
  4 jellies
  2 hounds
  8 orc priests
  Terence (D:2)
  4 iguanas
  8 orc wizards
  Natasha (twice) (D:1)
  2 troll simulacra (D:11)
  A hound skeleton (D:8)
  2 mummies (D:10)
  Robin (D:2)
  2 naga simulacra (D:11)
  12 adders
  14 gnolls
  4 river rats (Sewer)
  2 shadow imps
  6 white imps
  3 ufetubi (D:6)
  5 worms
  A dart slug (D:2)
  36 orcs
  8 endoplasms
  3 giant cockroaches
  9 goblins
  11 hobgoblins
  13 jackals
  47 kobolds
  4 quokkas
  3 ball pythons
  4 bats
  4 frilled lizards
  17 rats
  2 butterflies
593 creatures vanquished.

Vanquished Creatures (others)
  23 fungi
  34 plants
57 creatures vanquished.

Grand Total: 650 creatures vanquished

Notes
Turn   | Place    | Note
-------+----------+-------------------------------------------
     0 | D:1      | qw the Gargoyle Fighter began the quest for the Orb.
     0 | D:1      | Reached XP level 1. HP: 14/14 MP: 1/1
     0 | D:1      | 0 ||| qw: Version: 0.1-a-119-g272c26d
     0 | D:1      | 0 ||| qw: Game counter: 10870
     0 | D:1      | 0 ||| qw: Always use a shield: true
     0 | D:1      | 0 ||| qw: God list: Okawaru
     0 | D:1      | 0 ||| qw: Allow faded altars: false
     0 | D:1      | 0 ||| qw: Do Orc after D:15 true
     0 | D:1      | 0 ||| qw: Do second Lair branch before Depths: true
     0 | D:1      | 0 ||| qw: Lair rune preference: random
     0 | D:1      | 0 ||| qw: Plans: Normal, Zot, God:TSO, Crypt, Tomb, Pan,
                  | Slime, Hells, Zig, Abyss, Orb
     0 | D:1      | 0 ||| PLANNING D:1-11
    62 | D:1      | Reached skill level 2 in Axes
   339 | D:1      | Reached XP level 2. HP: 12/19 MP: 2/2
   460 | D:1      | 460 ||| DROPPING +0 club.
   506 | D:1      | HP: 3/19 [hobgoblin (3)]
  1219 | D:1      | Reached skill level 3 in Axes
  1491 | D:1      | Reached XP level 3. HP: 23/23 MP: 3/3
  1508 | D:1      | 1508 ||| UPGRADING to +0 cloak.
  1513 | D:1      | 1513 ||| UPGRADING to amulet of the acrobat.
  1518 | D:1      | 1518 ||| DROPPING ring of wizardry.
  1519 | D:1      | 1519 ||| READING 4 scrolls labelled KAOSUYXZ VIQY.
  1520 | D:1      | 1520 ||| READING scroll labelled HELLO UHOELL.
  1521 | D:1      | 1521 ||| DRINKING 3 bubbling amethyst potions.
  1522 | D:1      | 1522 ||| DRINKING 2 dark potions.
  1523 | D:1      | 1523 ||| READING 3 scrolls of identify.
  1523 | D:1      | 1523 ||| IDENTIFYING black potion
  1524 | D:1      | 1524 ||| READING 2 scrolls of identify.
  1524 | D:1      | 1524 ||| IDENTIFYING metallic blue potion
  1525 | D:1      | 1525 ||| DROPPING potion of flight.
  1540 | D:2      | Noticed Natasha
  1542 | D:2      | 1542 ||| STAIRDANCE
  1552 | D:1      | Killed Natasha
  1589 | D:1      | Noticed Natasha
  1593 | D:1      | HP: 5/23 [Natasha/magic dart (5)]
  1594 | D:1      | 1594 ||| DRINKING 2 potions of heal wounds.
  1599 | D:1      | HP: 5/23 [Natasha (6)]
  1600 | D:1      | 1600 ||| DRINKING potion of heal wounds.
  1602 | D:1      | Killed Natasha
  1603 | D:1      | Reached skill level 4 in Axes
  1603 | D:1      | Reached XP level 4. HP: 22/28 MP: 4/4
  1663 | D:2      | Noticed Sigmund
  1664 | D:2      | 1664 ||| Stepping ~*~*~tactically~*~*~ (hiding).
  1679 | D:2      | HP: 6/28 [something (5)]
  1689 | D:2      | HP: 4/28 [something (3)]
  1695 | D:2      | HP: 2/28 [something (2)]
  1698 | D:2      | Killed Sigmund
  1699 | D:2      | Reached skill level 5 in Axes
  1699 | D:2      | Reached XP level 5. HP: 3/32 MP: 5/5
  2104 | D:2      | Reached XP level 6. HP: 37/37 MP: 6/6
  2182 | D:2      | 2182 ||| Stepping ~*~*~tactically~*~*~ (stealth).
  2184 | D:2      | 2184 ||| Stepping ~*~*~tactically~*~*~ (stealth).
  2191 | D:2      | 2191 ||| DROPPING +0 whip.
  2406 | D:2      | 2406 ||| Stepping ~*~*~tactically~*~*~ (stealth).
  2410 | D:2      | 2410 ||| Stepping ~*~*~tactically~*~*~ (stealth).
  2414 | D:2      | Noticed Terence
  2423 | D:2      | Killed Terence
  2441 | D:2      | Noticed Robin
  2455 | D:2      | Killed Robin
  2573 | D:2      | Reached skill level 1 in Dodging
  2586 | D:2      | 2586 ||| FLEEEEING.
  2587 | D:2      | 2587 ||| FLEEEEING.
  2588 | D:2      | 2588 ||| FLEEEEING.
  2589 | D:2      | 2589 ||| FLEEEEING.
  2590 | D:2      | 2590 ||| FLEEEEING.
  2591 | D:2      | 2591 ||| FLEEEEING.
  2592 | D:2      | 2592 ||| FLEEEEING.
  2593 | D:2      | 2593 ||| FLEEEEING.
  2594 | D:2      | 2594 ||| FLEEEEING.
  2595 | D:2      | 2595 ||| FLEEEEING.
  2596 | D:2      | 2596 ||| FLEEEEING.
  2597 | D:2      | 2597 ||| FLEEEEING.
  2598 | D:2      | 2598 ||| FLEEEEING.
  2599 | D:2      | 2599 ||| FLEEEEING.
  2600 | D:2      | 2600 ||| FLEEEEING.
  2601 | D:2      | 2601 ||| FLEEEEING.
  2602 | D:2      | 2602 ||| FLEEEEING.
  2603 | D:2      | 2603 ||| FLEEEEING.
  2604 | D:2      | 2604 ||| FLEEEEING.
  2605 | D:2      | 2605 ||| FLEEEEING.
  2606 | D:2      | 2606 ||| FLEEEEING.
  2607 | D:2      | 2607 ||| FLEEEEING.
  2608 | D:2      | 2608 ||| FLEEEEING.
  2609 | D:2      | 2609 ||| FLEEEEING.
  2610 | D:2      | 2610 ||| FLEEEEING.
  2611 | D:2      | 2611 ||| FLEEEEING.
  2612 | D:2      | 2612 ||| FLEEEEING.
  2619 | D:2      | 2619 ||| FLEEEEING.
  2620 | D:2      | 2620 ||| FLEEEEING.
  2621 | D:2      | 2621 ||| FLEEEEING.
  2622 | D:2      | 2622 ||| FLEEEEING.
  2623 | D:2      | 2623 ||| FLEEEEING.
  2624 | D:2      | 2624 ||| FLEEEEING.
  2625 | D:2      | 2625 ||| FLEEEEING.
  2626 | D:2      | 2626 ||| FLEEEEING.
  2627 | D:2      | 2627 ||| FLEEEEING.
  2628 | D:2      | 2628 ||| FLEEEEING.
  2629 | D:2      | 2629 ||| FLEEEEING.
  2633 | D:2      | 2633 ||| FLEEEEING.
  2634 | D:2      | 2634 ||| FLEEEEING.
  2635 | D:2      | 2635 ||| FLEEEEING.
  2646 | D:2      | 2646 ||| FLEEEEING.
  2647 | D:2      | 2647 ||| FLEEEEING.
  2657 | D:2      | 2657 ||| FLEEEEING.
  2658 | D:2      | 2658 ||| FLEEEEING.
  2669 | D:2      | 2669 ||| FLEEEEING.
  2670 | D:2      | 2670 ||| FLEEEEING.
  2676 | D:2      | 2676 ||| FLEEEEING.
  2677 | D:2      | 2677 ||| FLEEEEING.
  2678 | D:2      | 2678 ||| FLEEEEING.
  2679 | D:2      | 2679 ||| FLEEEEING.
  2680 | D:2      | 2680 ||| FLEEEEING.
  2681 | D:2      | 2681 ||| FLEEEEING.
  2922 | D:2      | 2922 ||| UPGRADING to +0 helmet.
  2927 | D:2      | 2927 ||| READING scroll labelled BOZUCH ONAUP.
  2964 | D:3      | Found a shimmering altar of Xom.
  3127 | D:3      | Found a white marble altar of Elyvilon.
  3423 | D:3      | 3423 ||| Stepping ~*~*~tactically~*~*~ (stealth).
  3425 | D:3      | 3425 ||| Stepping ~*~*~tactically~*~*~ (hiding).
  3672 | D:3      | 3672 ||| Stepping ~*~*~tactically~*~*~ (stealth).
  3890 | D:3      | Identified the +8 whip "Rimorid" {vorpal, Contam rN++
                  | Dex+4}
  3892 | D:3      | 3892 ||| DROPPING +0 flail.
  3906 | D:3      | 3906 ||| DROPPING amulet of faith.
  3907 | D:3      | 3907 ||| READING scroll labelled OMIEGGUKLI.
  3908 | D:3      | 3908 ||| READING scroll labelled YMAUBRO ZIANI.
  3909 | D:3      | 3909 ||| READING scroll labelled XUISTA HOIPHOE.
  3910 | D:3      | 3910 ||| READING scroll labelled BYIL VUMAMOA.
  3911 | D:3      | 3911 ||| DRINKING 2 yellow potions.
  4020 | D:4      | 4020 ||| PLANNING SEWER
  4033 | D:4      | Reached skill level 6 in Axes
  4114 | D:4      | 4114 ||| Stepping ~*~*~tactically~*~*~ (stealth).
  4121 | D:4      | 4121 ||| Stepping ~*~*~tactically~*~*~ (stealth).
  4124 | D:4      | 4124 ||| Stepping ~*~*~tactically~*~*~ (stealth).
  4126 | D:4      | 4126 ||| Stepping ~*~*~tactically~*~*~ (stealth).
  4137 | D:4      | Reached XP level 7. HP: 43/43 MP: 7/7
  4186 | D:4      | Found a blossoming altar of Fedhas.
  4331 | D:4      | 4331 ||| Stepping ~*~*~tactically~*~*~ (stealth).
  4401 | D:4      | Found a glowing drain.
  4402 | D:4      | 4402 ||| READING scroll labelled WORGHUW HUIZU.
  4406 | D:4      | 4406 ||| READING 5 scrolls of identify.
  4406 | D:4      | 4406 ||| IDENTIFYING murky purple potion
  4407 | D:4      | 4407 ||| READING 4 scrolls of identify.
  4407 | D:4      | 4407 ||| IDENTIFYING green potion
  4408 | D:4      | 4408 ||| READING 3 scrolls of identify.
  4408 | D:4      | 4408 ||| IDENTIFYING glowing green potion
  4409 | D:4      | 4409 ||| DROPPING potion of degeneration.
  4410 | D:4      | 4410 ||| DROPPING potion of invisibility.
  4415 | Sewer    | Entered a sewer
  4639 | Sewer    | 4639 ||| Stepping ~*~*~tactically~*~*~ (water).
  4755 | Sewer    | 4755 ||| Stepping ~*~*~tactically~*~*~ (water).
  4796 | Sewer    | Reached skill level 7 in Axes
  4981 | Sewer    | 4981 ||| Stepping ~*~*~tactically~*~*~ (water).
  5000 | Sewer    | 5000 ||| Stepping ~*~*~tactically~*~*~ (water).
  5009 | Sewer    | 5009 ||| READING 2 scrolls of identify.
  5009 | Sewer    | 5009 ||| IDENTIFYING golden potion
  5032 | D:4      | 5032 ||| PLANNING D:1-11
  5203 | D:4      | 5203 ||| Stepping ~*~*~tactically~*~*~ (stealth).
  5319 | D:4      | 5319 ||| READING scroll labelled CAMNESKEIM.
  5341 | D:5      | Entered Level 5 of the Dungeon
  5432 | D:5      | Reached skill level 1 in Throwing
  5432 | D:5      | Reached XP level 8. HP: 45/49 MP: 8/8
  5462 | D:5      | 5462 ||| Stepping ~*~*~tactically~*~*~ (stealth).
  5611 | D:5      | 5611 ||| Stepping ~*~*~tactically~*~*~ (hiding).
  5619 | D:5      | 5619 ||| Stepping ~*~*~tactically~*~*~ (hiding).
  5751 | D:5      | 5751 ||| Stepping ~*~*~tactically~*~*~ (stealth).
  5919 | D:5      | 5919 ||| Stepping ~*~*~tactically~*~*~ (stealth).
  5921 | D:5      | 5921 ||| Stepping ~*~*~tactically~*~*~ (stealth).
  5930 | D:5      | Reached skill level 8 in Axes
  5937 | D:5      | 5937 ||| Stepping ~*~*~tactically~*~*~ (stealth).
  5954 | D:5      | 5954 ||| Stepping ~*~*~tactically~*~*~ (stealth).
  5979 | D:5      | 5979 ||| Stepping ~*~*~tactically~*~*~ (stealth).
  5985 | D:5      | 5985 ||| Stepping ~*~*~tactically~*~*~ (stealth).
  5986 | D:5      | 5986 ||| Stepping ~*~*~tactically~*~*~ (stealth).
  5988 | D:5      | 5988 ||| Stepping ~*~*~tactically~*~*~ (stealth).
  6029 | D:5      | Reached skill level 6 in Fighting
  6353 | D:5      | Found a glowing golden altar of the Shining One.
  6820 | D:5      | 6820 ||| UPGRADING to +0 chain mail.
  6830 | D:5      | 6830 ||| DROPPING +0 scale mail.
  6831 | D:5      | 6831 ||| READING scroll labelled SYTIUWN ASSADD.
  6932 | D:5      | 6932 ||| READING scroll labelled VUJUTIA HOTE.
  6933 | D:5      | 6933 ||| READING scroll labelled WIDOISM DAXZIACIR.
  7000 | D:6      | 7000 ||| STAIRDANCE
  7044 | D:6      | 7044 ||| Stepping ~*~*~tactically~*~*~ (hiding).
  7056 | D:6      | 7056 ||| Stepping ~*~*~tactically~*~*~ (stealth).
  7086 | D:6      | Reached XP level 9. HP: 30/55 MP: 9/9
  7272 | D:6      | Reached skill level 9 in Axes
  7275 | D:6      | 7275 ||| READING scroll of enchant armour.
  7275 | D:6      | 7275 ||| ENCHANTING +0 helmet.
  7358 | D:6      | Found a staircase to the Ecumenical Temple.
  7360 | D:6      | 7360 ||| PLANNING TEMPLE
  7360 | D:6      | 7360 ||| READING 2 scrolls of identify.
  7360 | D:6      | 7360 ||| IDENTIFYING red potion
  7361 | D:6      | 7361 ||| DROPPING potion of berserk rage.
  7370 | Temple   | Entered the Ecumenical Temple
  7545 | Temple   | 7545 ||| PLANNING D:1-11
  7564 | Temple   | Became a worshipper of Warmaster Okawaru
  7621 | D:6      | Found an ornate altar of the Wu Jian Council.
  7755 | D:6      | 7755 ||| FLEEEEING.
  7756 | D:6      | 7756 ||| FLEEEEING.
  7757 | D:6      | 7757 ||| FLEEEEING.
  7758 | D:6      | 7758 ||| FLEEEEING.
  7759 | D:6      | 7759 ||| FLEEEEING.
  7760 | D:6      | 7760 ||| FLEEEEING.
  7761 | D:6      | 7761 ||| FLEEEEING.
  7762 | D:6      | 7762 ||| FLEEEEING.
  7763 | D:6      | 7763 ||| FLEEEEING.
  7764 | D:6      | 7764 ||| FLEEEEING.
  7765 | D:6      | 7765 ||| FLEEEEING.
  7766 | D:6      | 7766 ||| DRINKING 4 potions of curing.
  7766 | D:6      | 7766 ||| (to cure confusion)
  7767 | D:6      | 7767 ||| FLEEEEING.
  7768 | D:6      | 7768 ||| FLEEEEING.
  7769 | D:6      | 7769 ||| FLEEEEING.
  7894 | D:6      | 7894 ||| Stepping ~*~*~tactically~*~*~ (hiding).
  8154 | D:6      | Noticed a troll
  8155 | D:6      | 8155 ||| Stepping ~*~*~tactically~*~*~ (stealth).
  8173 | D:6      | HP: 13/56 [troll (3)]
  8174 | D:6      | 8174 ||| READING scroll of teleportation.
  8175 | D:6      | 8175 ||| DRINKING 4 potions of heal wounds.
  8384 | D:6      | 8384 ||| Stepping ~*~*~tactically~*~*~ (hiding).
  8399 | D:6      | Killed a troll
  8399 | D:6      | Reached * piety under Okawaru
  8400 | D:6      | 8400 ||| INVOKING Heroism.
  8401 | D:6      | 8401 ||| INVOKING Heroism.
  8407 | D:6      | HP: 8/57 [centaur/arrow (10)]
  8408 | D:6      | 8408 ||| DRINKING 3 potions of heal wounds.
  8411 | D:6      | Reached skill level 1 in Invocations
  8483 | D:6      | Identified the +0 robe "Ratog" {Drain rPois rF+ Int+3
                  | Dex+4}
  8489 | D:6      | 8489 ||| READING scroll of enchant armour.
  8489 | D:6      | 8489 ||| ENCHANTING +1 helmet.
  8554 | D:6      | 8554 ||| INVOKING Heroism.
  8575 | D:6      | 8575 ||| FLEEEEING.
  8576 | D:6      | 8576 ||| INVOKING Heroism.
  8812 | D:6      | 8812 ||| UPGRADING to +0 kite shield.
  8822 | D:6      | 8822 ||| DROPPING +0 buckler.
  8823 | D:6      | 8823 ||| READING scroll labelled COALOO GAJAA.
  8824 | D:6      | 8824 ||| READING scroll labelled HIGGET ABROI.
  8825 | D:6      | 8825 ||| READING 2 scrolls of identify.
  8825 | D:6      | 8825 ||| IDENTIFYING murky black potion
  8869 | D:7      | 8869 ||| Stepping ~*~*~tactically~*~*~ (hiding).
  8884 | D:7      | Found a radiant altar of Vehumet.
  9116 | D:7      | Reached skill level 3 in Invocations
  9500 | D:7      | 9500 ||| UPGRADING to +0 pair of gloves.
  9505 | D:7      | 9505 ||| READING 2 scrolls of identify.
  9505 | D:7      | 9505 ||| IDENTIFYING puce potion
  9524 | D:8      | Noticed Gastronok
  9524 | D:8      | Found Guoskula's Weapon Boutique.
  9525 | D:8      | 9525 ||| INVOKING Heroism.
  9545 | D:8      | 9545 ||| INVOKING Heroism.
  9549 | D:8      | Killed Gastronok
  9549 | D:8      | Reached ** piety under Okawaru
  9550 | D:8      | Reached XP level 10. HP: 63/63 MP: 9/14
  9713 | D:8      | 9713 ||| INVOKING Heroism.
  9714 | D:8      | 9714 ||| Stepping ~*~*~tactically~*~*~ (cloud).
  9728 | D:8      | 9728 ||| FLEEEEING.
  9729 | D:8      | 9729 ||| FLEEEEING.
  9730 | D:8      | 9730 ||| FLEEEEING.
  9731 | D:8      | 9731 ||| FLEEEEING.
  9732 | D:8      | 9732 ||| FLEEEEING.
  9733 | D:8      | 9733 ||| FLEEEEING.
  9734 | D:8      | 9734 ||| FLEEEEING.
  9735 | D:8      | 9735 ||| FLEEEEING.
  9736 | D:8      | 9736 ||| FLEEEEING.
  9737 | D:8      | 9737 ||| FLEEEEING.
  9738 | D:8      | 9738 ||| FLEEEEING.
  9739 | D:8      | 9739 ||| FLEEEEING.
  9740 | D:8      | 9740 ||| FLEEEEING.
  9741 | D:8      | 9741 ||| FLEEEEING.
  9742 | D:8      | 9742 ||| FLEEEEING.
  9743 | D:8      | 9743 ||| FLEEEEING.
  9744 | D:8      | 9744 ||| FLEEEEING.
  9745 | D:8      | 9745 ||| FLEEEEING.
  9746 | D:8      | 9746 ||| FLEEEEING.
  9747 | D:8      | 9747 ||| STAIRDANCE
  9904 | D:8      | 9904 ||| STAIRDANCE
  9947 | D:8      | 9947 ||| INVOKING Heroism.
 10020 | D:8      | Reached *** piety under Okawaru
 10022 | D:8      | Noticed Prince Ribbit
 10048 | D:8      | 10048 ||| INVOKING Heroism.
 10071 | D:8      | Killed Prince Ribbit
 10207 | D:8      | 10207 ||| Stepping ~*~*~tactically~*~*~ (stealth).
 10210 | D:8      | 10210 ||| Stepping ~*~*~tactically~*~*~ (hiding).
 10213 | D:8      | 10213 ||| Stepping ~*~*~tactically~*~*~ (hiding).
 10214 | D:8      | 10214 ||| Stepping ~*~*~tactically~*~*~ (hiding).
 10215 | D:8      | 10215 ||| Stepping ~*~*~tactically~*~*~ (hiding).
 10216 | D:8      | 10216 ||| Stepping ~*~*~tactically~*~*~ (hiding).
 10217 | D:8      | 10217 ||| INVOKING Heroism.
 10300 | D:8      | Found a burning altar of Makhleb.
 10376 | D:8      | 10376 ||| Stepping ~*~*~tactically~*~*~ (stealth).
 10377 | D:8      | 10377 ||| Stepping ~*~*~tactically~*~*~ (stealth).
 10379 | D:8      | 10379 ||| INVOKING Heroism.
 10382 | D:8      | Reached skill level 9 in Shields
 10382 | D:8      | 10382 ||| Stepping ~*~*~tactically~*~*~ (stealth).
 10635 | D:8      | 10635 ||| UPGRADING to ring of positive energy.
 10636 | D:8      | 10636 ||| READING scroll labelled KAMUTI RUODGH.
 10637 | D:8      | 10637 ||| READING 3 scrolls of identify.
 10637 | D:8      | 10637 ||| IDENTIFYING fizzy golden potion
 10638 | D:8      | 10638 ||| DROPPING potion of ambrosia.
 10767 | D:9      | Found a large runed translucent door.
 10778 | D:9      | Found a large runed translucent door.
 10779 | D:9      | Noticed qw's ghost (novice GrFi)
 10855 | D:9      | 10855 ||| INVOKING Heroism.
 10950 | D:9      | Noticed a two-headed ogre
 10951 | D:9      | 10951 ||| INVOKING Heroism.
 10967 | D:9      | Killed a two-headed ogre
 10968 | D:9      | Reached skill level 10 in Axes
 11020 | D:9      | Found a sparkling altar of Nemelex Xobeh.
 11073 | D:9      | 11073 ||| Stepping ~*~*~tactically~*~*~ (hiding).
 11117 | D:9      | 11117 ||| INVOKING Heroism.
 11118 | D:9      | 11118 ||| Stepping ~*~*~tactically~*~*~ (cloud).
 11123 | D:9      | 11123 ||| Stepping ~*~*~tactically~*~*~ (cloud).
 11129 | D:9      | Reached XP level 11. HP: 66/67 MP: 13/15
 11193 | D:9      | Found a staircase to the Lair.
 11297 | D:9      | 11297 ||| INVOKING Heroism.
 11301 | D:9      | Reached skill level 6 in Armour
 11314 | D:9      | 11314 ||| DROPPING +8 whip "Rimorid" {vorpal, Contam rN++
                  | Dex+4}.
 11354 | D:9      | Found a bloodstained altar of Trog.
 11595 | D:9      | Found a shimmering blue altar of Sif Muna.
 11614 | D:9      | 11614 ||| DRINKING 4 potions of curing.
 11614 | D:9      | 11614 ||| (to cure confusion)
 11671 | D:9      | 11671 ||| PLANNING LAIR
 11671 | D:9      | 11671 ||| UPGRADING to +0 pair of boots.
 11730 | Lair:1   | Entered Level 1 of the Lair of Beasts
 11732 | Lair:1   | 11732 ||| INVOKING Heroism.
 11744 | Lair:1   | 11744 ||| Stepping ~*~*~tactically~*~*~ (stealth).
 11745 | Lair:1   | 11745 ||| Stepping ~*~*~tactically~*~*~ (stealth).
 11746 | Lair:1   | 11746 ||| Stepping ~*~*~tactically~*~*~ (stealth).
 11759 | Lair:1   | 11759 ||| INVOKING Heroism.
 11760 | Lair:1   | Noticed a five-headed hydra
 11765 | Lair:1   | Reached **** piety under Okawaru
 11766 | Lair:1   | 11766 ||| SWAPPING to +2 flail of draining.
 11767 | Lair:1   | 11767 ||| SWAPPING to +0 vampiric war axe.
 11769 | Lair:1   | 11769 ||| SWAPPING to +2 flail of draining.
 11772 | Lair:1   | 11772 ||| Stepping ~*~*~tactically~*~*~ (hiding).
 11782 | Lair:1   | Killed a five-headed hydra
 11782 | Lair:1   | Received a gift from Okawaru
 11783 | Lair:1   | Reached skill level 6 in Invocations
 11783 | Lair:1   | 11783 ||| SWAPPING to +0 vampiric war axe.
 11816 | Lair:1   | 11816 ||| INVOKING Heroism.
 11897 | Lair:1   | 11897 ||| INVOKING Heroism.
 11926 | Lair:1   | 11926 ||| INVOKING Heroism.
 11979 | Lair:1   | 11979 ||| INVOKING Heroism.
 12045 | Lair:1   | 12045 ||| Stepping ~*~*~tactically~*~*~ (stealth).
 12046 | Lair:1   | 12046 ||| Stepping ~*~*~tactically~*~*~ (stealth).
 12048 | Lair:1   | 12048 ||| INVOKING Heroism.
 12066 | Lair:1   | Reached ***** piety under Okawaru
 12071 | Lair:1   | Received a gift from Okawaru
 12077 | Lair:1   | Reached skill level 3 in Throwing
 12151 | Lair:1   | 12151 ||| Stepping ~*~*~tactically~*~*~ (stealth).
 12153 | Lair:1   | 12153 ||| INVOKING Heroism.
 12163 | Lair:1   | Reached skill level 11 in Axes
 12238 | Lair:1   | 12238 ||| INVOKING Heroism.
 12268 | Lair:1   | Reached XP level 12. HP: 72/73 MP: 18/18
 12269 | Lair:1   | Reached skill level 9 in Invocations
 12398 | Lair:1   | 12398 ||| INVOKING Heroism.
 12404 | Lair:1   | Received a gift from Okawaru
 12712 | Lair:2   | Noticed a catoblepas
 12713 | Lair:2   | 12713 ||| INVOKING Heroism.
 12714 | Lair:2   | 12714 ||| INVOKING Finesse.
 12752 | Lair:2   | Killed a catoblepas
 12752 | Lair:2   | Identified the +5 scale mail "Gisihiff" {Harm Fly rElec
                  | Dex-2} (Okawaru gifted it to you on level 2 of the Lair of
                  | Beasts)
 12752 | Lair:2   | Received a gift from Okawaru
 12884 | Lair:2   | 12884 ||| INVOKING Heroism.
 12970 | Lair:2   | 12970 ||| Stepping ~*~*~tactically~*~*~ (stealth).
 12978 | Lair:2   | 12978 ||| INVOKING Heroism.
 13019 | Lair:2   | 13019 ||| INVOKING Heroism.
 13029 | Lair:2   | Reached skill level 9 in Fighting
 13313 | Lair:2   | 13313 ||| INVOKING Heroism.
 13503 | Lair:2   | Found a staircase to the Shoals.
 13515 | Lair:2   | 13515 ||| INVOKING Heroism.
 13977 | Lair:3   | Found a staircase to the Snake Pit.
 14005 | Lair:3   | 14005 ||| INVOKING Heroism.
 14228 | Lair:3   | Found a dark tunnel.
 14569 | Lair:3   | 14569 ||| UPGRADING to +4 ring of protection.
 14638 | Lair:4   | 14638 ||| INVOKING Heroism.
 14673 | Lair:4   | Identified the +4 ring mail of the Cricket {Str+2}
 14722 | Lair:4   | 14722 ||| INVOKING Heroism.
 14734 | Lair:4   | Reached skill level 12 in Axes
 14801 | Lair:4   | Noticed a five-headed hydra
 14802 | Lair:4   | 14802 ||| INVOKING Heroism.
 14803 | Lair:4   | 14803 ||| INVOKING Finesse.
 14808 | Lair:4   | 14808 ||| SWAPPING to +2 flail of draining.
 14823 | Lair:4   | Killed a five-headed hydra
 14824 | Lair:4   | Reached XP level 13. HP: 69/80 MP: 13/20
 14824 | Lair:4   | 14824 ||| SWAPPING to +0 vampiric war axe.
 14874 | Lair:4   | Found a staircase to the Slime Pits.
 14875 | Lair:4   | Found a viscous altar of Jiyva.
 14876 | Lair:4   | 14876 ||| Stepping ~*~*~tactically~*~*~ (stealth).
 14877 | Lair:4   | 14877 ||| INVOKING Heroism.
 14878 | Lair:4   | 14878 ||| INVOKING Finesse.
 14918 | Lair:4   | Received a gift from Okawaru
 14981 | Lair:4   | 14981 ||| INVOKING Heroism.
 15007 | Lair:4   | Received a gift from Okawaru
 15024 | Lair:4   | 15024 ||| INVOKING Heroism.
 15071 | Lair:4   | 15071 ||| INVOKING Heroism.
 15169 | Lair:4   | 15169 ||| INVOKING Heroism.
 15170 | Lair:4   | 15170 ||| INVOKING Finesse.
 15172 | Lair:4   | 15172 ||| SWAPPING to +2 flail of draining.
 15180 | Lair:4   | 15180 ||| SWAPPING to +0 vampiric war axe.
 15260 | Lair:4   | 15260 ||| INVOKING Heroism.
 15274 | Lair:4   | Received a gift from Okawaru
 15279 | Lair:4   | Reached skill level 13 in Axes
 15287 | Lair:4   | 15287 ||| INVOKING Heroism.
 15325 | Lair:4   | 15325 ||| INVOKING Heroism.
 15574 | Lair:4   | 15574 ||| DROPPING +4 ring mail of the Cricket {Str+2}.
 15575 | Lair:4   | 15575 ||| READING scroll labelled RETWOS ZISHUZUQE.
 15646 | Lair:5   | Entered Level 5 of the Lair of Beasts
 15733 | Lair:5   | 15733 ||| INVOKING Heroism.
 15734 | Lair:5   | 15734 ||| INVOKING Finesse.
 15737 | Lair:5   | 15737 ||| SWAPPING to +2 flail of draining.
 15746 | Lair:5   | Reached skill level 9 in Armour
 15746 | Lair:5   | 15746 ||| SWAPPING to +0 vampiric war axe.
 15805 | Lair:5   | 15805 ||| INVOKING Heroism.
 15833 | Lair:5   | Identified the +1 chain mail of Broken Taboos {Fly rF- rN+
                  | Str+5} (Okawaru gifted it to you on level 5 of the Lair of
                  | Beasts)
 15833 | Lair:5   | Received a gift from Okawaru
 15844 | Lair:5   | 15844 ||| INVOKING Heroism.
 15940 | Lair:5   | 15940 ||| INVOKING Heroism.
 15957 | Lair:5   | Gained mutation: Your large and strong wings let you fly.
                  | [Gargoyle growth]
 15957 | Lair:5   | Reached XP level 14. HP: 75/88 MP: 21/21
 15988 | Lair:5   | Reached skill level 14 in Axes
 15995 | Lair:5   | 15995 ||| INVOKING Heroism.
 15998 | Lair:5   | 15998 ||| INVOKING Finesse.
 16098 | Lair:5   | 16098 ||| Stepping ~*~*~tactically~*~*~ (stealth).
 16200 | Lair:5   | 16200 ||| Stepping ~*~*~tactically~*~*~ (stealth).
 16201 | Lair:5   | 16201 ||| INVOKING Heroism.
 16203 | Lair:5   | 16203 ||| INVOKING Finesse.
 16328 | Lair:5   | Found a runed translucent gate.
 16328 | Lair:5   | Found a runed translucent gate.
 16329 | Lair:5   | Found a runed translucent gate.
 16331 | Lair:5   | 16331 ||| Stepping ~*~*~tactically~*~*~ (stealth).
 16338 | Lair:5   | 16338 ||| Stepping ~*~*~tactically~*~*~ (stealth).
 16412 | Lair:5   | Noticed qw's ghost (journeyman MiBe)
 16448 | Lair:5   | 16448 ||| INVOKING Heroism.
 16460 | Lair:5   | Reached skill level 12 in Shields
 16522 | Lair:5   | 16522 ||| INVOKING Heroism.
 16523 | Lair:5   | 16523 ||| INVOKING Finesse.
 16525 | Lair:5   | Noticed a dire elephant
 16566 | Lair:5   | Reached skill level 6 in Throwing
 16573 | Lair:5   | Killed a dire elephant
 17309 | Lair:5   | 17309 ||| PLANNING D:1-11
 17309 | Lair:5   | 17309 ||| UPGRADING to +1 chain mail of Broken Taboos {Fly
                  | rF- rN+ Str+5}.
 17319 | Lair:5   | 17319 ||| READING 11 scrolls of identify.
 17319 | Lair:5   | 17319 ||| IDENTIFYING inky potion
 17320 | Lair:5   | 17320 ||| READING 10 scrolls of identify.
 17320 | Lair:5   | 17320 ||| IDENTIFYING orange potion
 17321 | Lair:5   | 17321 ||| DROPPING potion of brilliance.
 17450 | D:10     | Entered Level 10 of the Dungeon
 17463 | D:10     | 17463 ||| Stepping ~*~*~tactically~*~*~ (stealth).
 17464 | D:10     | 17464 ||| Stepping ~*~*~tactically~*~*~ (stealth).
 17468 | D:10     | 17468 ||| Stepping ~*~*~tactically~*~*~ (stealth).
 17472 | D:10     | 17472 ||| Stepping ~*~*~tactically~*~*~ (stealth).
 17528 | D:10     | Received a gift from Okawaru
 17559 | D:10     | 17559 ||| Stepping ~*~*~tactically~*~*~ (stealth).
 17564 | D:10     | 17564 ||| Stepping ~*~*~tactically~*~*~ (stealth).
 17570 | D:10     | 17570 ||| Stepping ~*~*~tactically~*~*~ (stealth).
 17572 | D:10     | 17572 ||| Stepping ~*~*~tactically~*~*~ (stealth).
 17576 | D:10     | 17576 ||| INVOKING Heroism.
 17705 | D:10     | Found a basalt altar of Yredelemnul.
 17837 | D:10     | 17837 ||| Stepping ~*~*~tactically~*~*~ (hiding).
 17839 | D:10     | 17839 ||| Stepping ~*~*~tactically~*~*~ (hiding).
 17903 | D:10     | Found a staircase to the Orcish Mines.
 17920 | D:10     | 17920 ||| Stepping ~*~*~tactically~*~*~ (stealth).
 17923 | D:10     | 17923 ||| Stepping ~*~*~tactically~*~*~ (stealth).
 17925 | D:10     | 17925 ||| Stepping ~*~*~tactically~*~*~ (stealth).
 17931 | D:10     | 17931 ||| INVOKING Heroism.
 17959 | D:10     | 17959 ||| Stepping ~*~*~tactically~*~*~ (stealth).
 17960 | D:10     | 17960 ||| Stepping ~*~*~tactically~*~*~ (stealth).
 17967 | D:10     | 17967 ||| Stepping ~*~*~tactically~*~*~ (stealth).
 17968 | D:10     | 17968 ||| Stepping ~*~*~tactically~*~*~ (stealth).
 17973 | D:10     | 17973 ||| INVOKING Heroism.
 18235 | D:10     | 18235 ||| INVOKING Heroism.
 18466 | D:10     | 18466 ||| DROPPING +6 ring of intelligence.
 18488 | D:11     | 18488 ||| INVOKING Heroism.
 18573 | D:11     | 18573 ||| INVOKING Heroism.
 18577 | D:11     | 18577 ||| Stepping ~*~*~tactically~*~*~ (stealth).
 18771 | D:11     | Received a gift from Okawaru
 18791 | D:11     | 18791 ||| Stepping ~*~*~tactically~*~*~ (hiding).
 18878 | D:11     | Noticed Psyche
 18894 | D:11     | Killed Psyche
 19001 | D:11     | 19001 ||| Stepping ~*~*~tactically~*~*~ (stealth).
 19002 | D:11     | Found a frozen archway.
 19089 | D:11     | Reached skill level 15 in Axes
 19137 | D:11     | 19137 ||| Stepping ~*~*~tactically~*~*~ (stealth).
 19140 | D:11     | 19140 ||| INVOKING Heroism.
 19166 | D:11     | 19166 ||| DRINKING potion of cancellation.
 19293 | D:11     | 19293 ||| PLANNING D
 19293 | D:11     | 19293 ||| UPGRADING to +1 pair of gloves of hurling.
 19303 | D:11     | 19303 ||| DROPPING +0 pair of gloves.
 19359 | D:12     | 19359 ||| Stepping ~*~*~tactically~*~*~ (stealth).
 19484 | D:12     | Reached skill level 3 in Dodging
 19599 | D:12     | Noticed Snorg
 19600 | D:12     | 19600 ||| INVOKING Heroism.
 19601 | D:12     | 19601 ||| INVOKING Finesse.
 19611 | D:12     | Killed Snorg
 19923 | D:12     | 19923 ||| INVOKING Heroism.
 19924 | D:12     | 19924 ||| SWAPPING to +2 flail of draining.
 19925 | D:12     | 19925 ||| INVOKING Finesse.
 19932 | D:12     | Reached XP level 15. HP: 62/95 MP: 14/22
 19932 | D:12     | 19932 ||| SWAPPING to +0 vampiric war axe.
 20248 | D:13     | Identified the +1 falchion of Rauw {venom, Drain rF+ Will+
                  | Dex+6}
 20484 | D:13     | Reached skill level 12 in Fighting
 20540 | D:13     | You are sucked into a shaft and drop 2 floors!
 20540 | D:15     | Entered Level 15 of the Dungeon
 20563 | D:15     | 20563 ||| Stepping ~*~*~tactically~*~*~ (hiding).
 20564 | D:15     | 20564 ||| Stepping ~*~*~tactically~*~*~ (hiding).
 20564 | D:15     | Noticed Nessos
 20565 | D:15     | 20565 ||| INVOKING Finesse.
 20597 | D:15     | 20597 ||| INVOKING Heroism.
 20597 | D:15     | HP: 23/96 [Nessos/arrow (8)]
 20598 | D:15     | 20598 ||| READING 8 scrolls of teleportation.
 20598 | D:15     | HP: 11/96 [cyclops (11)]
 20599 | D:15     | 20599 ||| DRINKING 6 potions of heal wounds.
 20600 | D:15     | HP: 3/96 [Nessos/arrow (12)]
 20601 | D:15     | 20601 ||| DRINKING 5 potions of heal wounds.
 20602 | D:15     | 20602 ||| DRINKING 4 potions of heal wounds.
 20887 | D:14     | 20887 ||| INVOKING Heroism.
 21132 | D:14     | 21132 ||| Stepping ~*~*~tactically~*~*~ (hiding).
 21325 | D:14     | Found a sparkling altar of Nemelex Xobeh.
 21350 | D:14     | 21350 ||| Stepping ~*~*~tactically~*~*~ (stealth).
 21358 | D:14     | Noticed Urug
 21359 | D:14     | 21359 ||| INVOKING Heroism.
 21360 | D:14     | 21360 ||| INVOKING Finesse.
 21372 | D:14     | Killed Urug
 21382 | D:14     | 21382 ||| SWAPPING to +2 flail of draining.
 21392 | D:14     | 21392 ||| SWAPPING to +0 vampiric war axe.
 21452 | D:13     | 21452 ||| INVOKING Heroism.
 21477 | D:13     | 21477 ||| INVOKING Heroism.
 21553 | D:13     | 21553 ||| DROPPING +2 broad axe of draining.
 21580 | D:13     | 21580 ||| Stepping ~*~*~tactically~*~*~ (hiding).
 21581 | D:13     | 21581 ||| Stepping ~*~*~tactically~*~*~ (hiding).
 21682 | D:13     | 21682 ||| Stepping ~*~*~tactically~*~*~ (stealth).
 21684 | D:13     | 21684 ||| Stepping ~*~*~tactically~*~*~ (stealth).
 21685 | D:13     | 21685 ||| Stepping ~*~*~tactically~*~*~ (stealth).
 21687 | D:13     | 21687 ||| Stepping ~*~*~tactically~*~*~ (stealth).
 21695 | D:13     | Received a gift from Okawaru
 21939 | D:13     | 21939 ||| INVOKING Heroism.
 22135 | D:13     | Reached skill level 16 in Axes
 22430 | D:13     | 22430 ||| Stepping ~*~*~tactically~*~*~ (hiding).
 22433 | D:13     | 22433 ||| INVOKING Heroism.
 22434 | D:13     | 22434 ||| SWAPPING to +2 flail of draining.
 22435 | D:13     | 22435 ||| INVOKING Finesse.
 22443 | D:13     | 22443 ||| SWAPPING to +0 vampiric war axe.
 22696 | D:13     | 22696 ||| DROPPING +1 pair of gloves.
 22724 | D:14     | Found a gate to the Vaults.
 22725 | D:14     | 22725 ||| STAIRDANCE
 22744 | D:14     | 22744 ||| STAIRDANCE
 22746 | D:13     | 22746 ||| INVOKING Heroism.
 22765 | D:14     | 22765 ||| SWAPPING to +2 flail of draining.
 22766 | D:14     | 22766 ||| INVOKING Finesse.
 22767 | D:14     | 22767 ||| STAIRDANCE
 22775 | D:13     | 22775 ||| SWAPPING to +0 vampiric war axe.
 22883 | D:14     | 22883 ||| Stepping ~*~*~tactically~*~*~ (hiding).
 22894 | D:14     | 22894 ||| INVOKING Heroism.
 22949 | D:14     | Found a portal to a secret trove of treasure.
 23032 | D:14     | 23032 ||| DROPPING +0 vorpal mace.
 23035 | D:14     | 23035 ||| INVOKING Heroism.
 23064 | D:14     | 23064 ||| Stepping ~*~*~tactically~*~*~ (hiding).
 23068 | D:14     | 23068 ||| INVOKING Heroism.
 23075 | D:14     | HP: 16/96 [fire dragon/blast of flame (36)]
 23076 | D:14     | 23076 ||| READING 9 scrolls of teleportation.
 23077 | D:14     | 23077 ||| DRINKING 6 potions of heal wounds.
 23079 | D:14     | Killed from afar by a fire dragon

Levels and vault maps discovered:
D:1:      dpeg_arrival_long_road, layout_loops_cross, minmay_misc_feat_hallway,
          st_stairs_1, serial_bayou_ford_a, skrybe_limestone_x,
          hangedman_decor_growths, minivault_27
D:2:      layout_basic, corexii_corridor_pit, serial_bayou_pond_d, uniq_sigmund,
          uniq_terence, uniq_natasha, uniq_robin
D:3:      kb_forest_paths, layout_basic, mainiacjoe_overflow_alcove_1,
          xom_butterflies
D:4:      layout_basic, fedhas_altar_3, lightli_sewer_entry_pipes
D:5:      layout_layer_cave, nicolae_tso_swordbearing_angel
D:6:      layout_basic, pdpol_wu_jian_five_deadly_venoms,
          minmay_temple_entry_sparse_star, grunt_potential
D:7:      layout_loops_cross, vehumet_crystals
D:8:      layout_rooms, makhleb_blood_cavern_becter, serial_shops,
          nicolae_shop_bloodbath_and_beyond, uniq_gastronok, uniq_prince_ribbit1
D:9:      layout_irregular_city, marbit_many_paths, tgw_sif,
          mainiacjoe_overflow_alcove_2, lair_entry_dummy,
          ebering_ghost_disaster_area
D:10:     layout_long_grid, lemuel_mausoleum_altar_yredelemnul, orc_0_dummy
D:11:     layout_basic, serial_ice, serial_ice_h, serial_ice_k, serial_ice_b,
          serial_ice_c, serial_ice_n, portal_ice_cave_entry_ice_simulacra,
          uniq_psyche
D:12:     layout_irregular_city, uniq_snorg
D:13:     minmay_thick_lines, layout_stronghold, serial_bayou_lagoon_a
D:14:     kennysheep_blocky_hall, layout_cave_pods, david_vaults_3,
          nemelex_spade_bored_becter, nicolae_trove_entry_crystal,
          minivault_25_ag, minmay_fractal_squares_diagonal_5
D:15:     grunt_enter_depths_snipers, layout_basic, dreamdust_princess_corridor,
          hangedman_decor_peaks_small, minmay_misc_feat_doors, uniq_nessos
Temple:   chequers_temple_sunken
Lair:1:   layout_long_grid
Lair:2:   layout_regular_city, minmay_shoals_entry_hut
Lair:3:   layout_big_grid, dummy_snake_entry, enter_volcano_1
Lair:4:   layout_big_grid, minmay_slime_entry_pillars
Lair:5:   grunt_lair_end_beastmaster, layout_cave_pods,
          gammafunk_ghost_necromancy, infiniplex_staircase_pool,
          serial_bayou_shore_b, lemuel_fruit_fields, serial_bayou_shore_b

Skill      XL: |  1  2  3  4  5  6  7  8  9 10 11 12 13 14 15 |
---------------+----------------------------------------------+-----
Axes           | 2 3 4 5 6 7 8 9 10 11 12 13 15 16 | 16.0
Fighting       | 4 5 6 7 8 9 10 11 12 | 12.0
Dodging        | 1 2 3 |  3.2
Throwing       | 1 2 3 4 5 6 |  6.1
Armour         | 4 5 7 8 9 10 | 10.1
Shields        | 7 9 10 11 12 13 | 13.0
Invocations    | 5 8 10 | 10.1

Action                   |  1- 3 |  4- 6 |  7- 9 | 10-12 | 13-15 || total
-------------------------+-------+-------+-------+-------+-------++-------
Melee: War axe           |   112 |   224 |   506 |   614 |  1147 ||  2603
       Flail             |       |       |       |    26 |    39 ||    65
Throw: Boomerang         |       |       |    31 |    13 |    67 ||   111
       Javelin           |       |       |       |    64 |   141 ||   205
Invok: Heroism           |       |       |     5 |    29 |    36 ||    70
       Finesse           |       |       |       |     2 |    12 ||    14
  Use: Scroll            |     4 |     5 |    17 |     2 |     5 ||    33
       Potion            |     4 |     1 |     3 |     1 |     5 ||    14
 Stab: Petrified         |       |       |       |     2 |    17 ||    19
       Petrifying        |       |       |       |       |     3 ||     3
Armor: Scale mail        |    48 |   111 |   122 |       |       ||   281
       Chain mail        |       |       |   173 |   364 |   713 ||  1250
       Skin              |       |       |       |       |     8 ||     8
Dodge: Dodged            |    35 |   127 |   222 |   193 |   378 ||   955
Block: Buckler           |    23 |    46 |    77 |       |       ||   146
       Kite shield       |       |       |    25 |   303 |   592 ||   920

Table legend:
 A = Non-vault XP
 B = Vault XP
 C = Vault XP percentage of total XP
 D = Non-vault monster count
 E = Vault monster count
 F = Vault count percentage of total count
                 A         B        C        D         E       F
            +---------+---------+-------+---------+---------+-------
      Total |   81615 |   30645 |  27.3 |     441 |     150 |  25.4
            +---------+---------+-------+---------+---------+-------
        D:1 |      64 |      37 |  36.6 |      21 |       3 |  12.5
        D:2 |     116 |     270 |  69.9 |      25 |       6 |  19.4
        D:3 |      64 |      13 |  16.9 |      17 |       6 |  26.1
        D:4 |     143 |      19 |  11.7 |      20 |       4 |  16.7
        D:5 |    1014 |       0 |   0.0 |      27 |       0 |   0.0
        D:6 |     954 |     632 |  39.8 |      21 |      13 |  38.2
        D:7 |     613 |       0 |   0.0 |       8 |       0 |   0.0
        D:8 |    1555 |    1816 |  53.9 |      31 |       4 |  11.4
        D:9 |     934 |     832 |  47.1 |      10 |       1 |   9.1
       D:10 |    2485 |    1421 |  36.4 |      35 |      12 |  25.5
       D:11 |    3484 |    2515 |  41.9 |      20 |      17 |  45.9
       D:12 |    4226 |     956 |  18.4 |      10 |       1 |   9.1
       D:13 |    8788 |    5427 |  38.2 |      22 |      16 |  42.1
       D:14 |    3988 |    5227 |  56.7 |      13 |      13 |  50.0
       D:15 |    1386 |       0 |   0.0 |       3 |       0 |   0.0
     Lair:1 |   11556 |       0 |   0.0 |      42 |       0 |   0.0
     Lair:2 |    5683 |     256 |   4.3 |      22 |       1 |   4.3
     Lair:3 |    1580 |       0 |   0.0 |       5 |       0 |   0.0
     Lair:4 |   17480 |     838 |   4.6 |      47 |       4 |   7.8
     Lair:5 |   15502 |    9989 |  39.2 |      42 |      21 |  33.3
      Sewer |       0 |     397 | 100.0 |       0 |      28 | 100.0
            +---------+---------+-------+---------+---------+-------
